 Dungeon Crawl Stone Soup version 0.19.0-22-gd96e5fe (webtiles) character file.

1600202 Yermak the Imperceptible (level 27, 193/193 HPs)
             Began as a Halfling Assassin on Nov 19, 2016.
             Was the Champion of Makhleb.
             Escaped with the Orb
             ... and 3 runes on Nov 20, 2016!
             The game lasted 06:35:26 (78161 turns).

Yermak the Imperceptible (Halfling Assassin)       Turns: 78161, Time: 06:35:27

Health: 193/193    AC: 30    Str: 14    XL:     27
Magic:  35/35      EV: 33    Int:  9    God:    Makhleb [******]
Gold:   448        SH: 23    Dex: 27    Spells: 8 memorised, 23 levels left

rFire  + . .     SeeInvis +     P - +9 scimitar (distort)
rCold  + . .     Gourm    .     y - quicksilver dragon scales
rNeg   + + .     Faith    .     e - +5 shield {reflect} {Donald}
rPois  +         Spirit   .     n - +2 helmet {SInv}
rElec  +         Reflect  +     V - +2 cloak {+Inv}
rCorr  .         Harm     .     D - +2 pair of gloves
MR     ++++.                    C - +2 pair of boots
Stlth  +++.......               r - amulet of regeneration
                                o - ring "Riwaxaco" {*Drain rElec rPois rF+, =R}
                                c - ring "Xuvin" {+Fly rC+ rN++}

@: repel missiles
A: magic resistance 1, mutation resistance 1
a: Minor Destruction, Lesser Servant of Makhleb, Major Destruction, Greater
Servant of Makhleb, Renounce Religion, Evoke Invisibility, Evoke Flight
0: Orb of Zot
}: 3/15 runes: decaying, silver, gossamer


You escaped.
You worshipped Makhleb.
Makhleb was exalted by your worship.
You were not hungry.

You visited 10 branches of the dungeon, and saw 50 of its levels.
You also visited: Labyrinth and Ice Cave.

You collected 7809 gold pieces.
You spent 7361 gold pieces at shops.

Inventory:

Hand Weapons
 a - a +9 scimitar of freezing
 b - a +5 dagger of draining
 q - a +4 blowgun
 P - a +9 scimitar of distortion (weapon)
Missiles
 t - 9 curare-tipped needles
 Z - 3 throwing nets (quivered)
Armour
 e - a +5 shield of reflection (worn) {Donald}
 n - a +2 helmet of see invisible (worn)
 y - quicksilver dragon scales (worn)
 C - a +2 pair of boots (worn)
 D - a +2 pair of gloves (worn)
 V - a +2 cloak of invisibility (worn)
Jewellery
 c - the ring "Xuvin" (left hand) {+Fly rC+ rN++}
   (You took it off an ogre mage on level 4 of the Depths)

   [ring of flight]

   It protects you from cold.
   It greatly protects you from negative energy.
   It lets you fly.
 f - an uncursed ring of protection from fire
 o - the ring "Riwaxaco" (right hand) {*Drain rElec rPois rF+, =R}
   (You found it on level 1 of the Vaults)

   [ring of protection from fire]

   It protects you from fire.
   It insulates you from electricity.
   It protects you from poison.
   It causes draining when unequipped.
 r - an amulet of regeneration (around neck)
Wands
 h - a wand of heal wounds (3/9)
 z - a wand of teleportation (6/9)
 A - a wand of acid (6/15)
 E - a wand of enslavement (11/24)
 F - a wand of disintegration (9/24)
 I - a wand of iceblast (0/15)
 L - a wand of lightning (4/15)
 O - a wand of digging (15/24)
Scrolls
 i - 3 scrolls of fog
 j - 3 scrolls of silence
 m - a scroll of immolation
 B - 13 scrolls of blinking
 G - 9 scrolls of recharging
 H - 6 scrolls of fear
 M - 4 scrolls of magic mapping
 R - 12 scrolls of identify
 T - 19 scrolls of teleportation
 W - 19 scrolls of remove curse
Potions
 d - 2 potions of agility
 g - 4 potions of magic
 s - 5 potions of might
 u - 6 potions of invisibility
 x - a potion of resistance
 J - 3 potions of flight
 K - 6 potions of cure mutation {!q}
 N - 20 potions of curing
 S - 7 potions of cancellation
 U - 6 potions of haste
 X - 4 potions of berserk rage
 Y - 2 potions of heal wounds
Miscellaneous
 l - a box of beasts
 v - 2 sacks of spiders
 Q - the horn of Geryon
Comestibles
 p - 11 bread rations


   Skills:
 - Level 17.2 Fighting
 - Level 7.0(12.4) Short Blades
 - Level 13.6(14.0) Long Blades
   Level 9.8(10.0) Slings
 - Level 2.0(4.7) Throwing
 - Level 16.0 Armour
 - Level 19.0 Dodging
 - Level 24.1 Stealth
 - Level 21.2 Shields
 - Level 8.4 Spellcasting
 - Level 5.0 Charms
 - Level 5.0 Necromancy
 - Level 9.0 Translocations
 - Level 4.0 Transmutations
 - Level 5.0 Air Magic
 - Level 6.0 Earth Magic
 - Level 6.2 Invocations
 + Level 17.2 Evocations


You had 23 spell levels left.
You knew the following spells:

 Your Spells              Type           Power        Failure   Level  Hunger
a - Lesser Beckoning      Tloc           ###.......   1%          3    ###....
b - Animate Skeleton      Necr           N/A          3%          1    None
c - Passwall              Tmut/Erth      ##........   6%          2    ##.....
d - Blink                 Tloc           N/A          1%          2    ##.....
f - Repel Missiles        Chrm/Air       ##....       6%          2    ##.....
g - Passage of Golubria   Tloc           N/A          10%         4    ####...
y - Song of Slaying       Chrm           ##......     6%          2    ##.....
R - Regeneration          Chrm/Necr      ##........   12%         3    ###....


Dungeon Overview and Level Annotations

Branches:
Dungeon (15/15)            Temple (0/1) D:5            Lair (6/6) D:9
  Swamp (4/4) Lair:2       Spider (4/4) Lair:4        Slime (0/5) Lair:5
    Orc (2/2) D:12            Elf (3/3) Orc:2        Vaults (5/5) D:14
  Crypt (0/3) Vaults:2     Depths (5/5) D:15           Hell (1/1)
    Zot (5/5) Depths:5
    Dis: Hell:1         Geh: Hell:1         Coc: Hell:1         Tar: Hell:1

Altars:
Ashenzari
Dithmenos
Fedhas
Kikubaaqudgha
Makhleb
Okawaru
Vehumet
Xom
Yredelemnul
Zin
Beogh

Shops:
Orc:2 ?*:*   Elf:1 (   Vaults:2 [   Vaults:4 (   Vaults:5 !%!???%%
Depths:4 }=}

Portals:
Hell: Depths:1 Depths:2 Depths:3 Depths:4 Depths:5
Abyss: Depths:2 Depths:4 Depths:5
Pandemonium: Depths:2 Depths:3 Depths:4 Depths:5
Ziggurat: Depths:4


Innate Abilities, Weirdness & Mutations

You are small and have problems with some larger weapons.
You are somewhat resistant to further mutation.
You are resistant to hostile enchantments. (MR+)


Message History

The chaos spawn completely misses you.
You finish merging with the rock.
Unknown command.
Unknown command.
(D) Dungeon (T) Temple (L) Lair (S) Swamp (N) Spider Nest (M) Slime Pits (O) Orcish Mines (E) Elven Halls (V) Vaults (C) Crypt (U) Depths (H) Hell (Z) Zot
Where to? (Enter - D:1 @ (x,y), ? - help)
You climb upwards.
There is a stone staircase leading down here.
Magic restored.
There is a stone staircase leading up here.
You climb upwards.
There is a stone staircase leading down here.
There is a large open door here.
There is a large open door here.
There is an open door here.
There is a staircase leading out of the dungeon here.
You have escaped!

#.##############.# # #.#
##.######## #.### #..........
#...# #########..#####.##
###.# #...............)##
#...###.#.######.####..##
#.....≈≈≈≈≈≈≈≈≈#####≈≈≈≈≈
#...##≈#######≈#≈♣≈#≈####
##..##≈#@...8####8####8..
#..##≈#.....'.......'...
######..##≈#8...8##8#'#8##8..
#)..##..##≈###'######'######'
#.......##≈#≈#.##♣♣.....♣♣##.
#...###.##≈♣♣8.#♣≈.......≈♣#.
##.## #.##≈#≈#.8#.........#8.
#.# #...≈###.##.).≈♣≈...##.
#)# ###..''..''...♣8♣...''.


There were no monsters in sight!

Vanquished Creatures
  An orb of fire (Zot:5)
  Mara (Depths:5)
  5 ancient liches
  A juggernaut (Depths:4)
  Boris (twice) (Vaults:4 Depths:5)
  Saint Roka (Vaults:4)
  A curse toe (Zot:1)
  2 Killer Klowns (Zot:5)
  Geryon (Hell)
  6 golden dragons
  A caustic shrike (Depths:4)
  A golden dragon (shapeshifter) (Vaults:5)
  the Enchantress (Depths:1)
  3 electric golems
  11 tentacled monstrosities
  An Ice Fiend (IceCv)
  3 liches
  3 deep elf blademasters (Elf:3)
  12 Orb Guardians (Zot:5)
  2 deep elf master archers
  3 titans
  A sphinx (shapeshifter) (Depths:4)
  3 quicksilver dragons
  Frances (Swamp:2)
  8 death cobs
  7 shadow dragons
  9 sphinxes
  10 storm dragons
  2 thorn hunters (Swamp:1)
  Roxanne (Swamp:1)
  13 tengu reavers
  7 fire giants
  Donald (Swamp:1)
  5 draconian monks
  3 iron dragons (Depths:2)
  A revenant (Vaults:2)
  10 deep elf sorcerers
  4 draconian knights
  4 orc warlords
  Aizul (Elf:2)
  6 ghost moths
  5 emperor scorpions
  2 draconian shifters (Zot:4)
  6 deep elf elementalists
  20 vault wardens
  3 draconian scorchers
  A balrug (Hell)
  15 frost giants
  2 ghouls (D:15)
  A curse skull (Vaults:1)
  2 draconian annihilators (Zot:4)
  2 draconian zealots (Zot:4)
  13 ironheart preservers
  7 spriggan defenders
  27 stone giants
  7 entropy weavers
  26 very ugly things
  8 green draconians
  5 black draconians
  7 vampire knights
  8 deep elf demonologists
  A red draconian (shapeshifter) (Zot:2)
  Azrael (Spider:2)
  9 spark wasps
  5 red draconians
  3 mottled draconians
  4 purple draconians
  8 deep elf annihilators
  2 yellow draconians
  4 white draconians
  A merfolk impaler (Depths:3)
  10 deep elf death magi
  10 yaktaur captains
  13 ettins
  A minotaur (Lab)
  A quicksilver dragon zombie (D:15)
  22 ogre magi
  12 fire dragons
  7 deep elf high priests
  46 vault guards
  16 hydras
  17 ice dragons
  8 great orbs of eyes
  5 spriggan air magi
  A catoblepas (D:14)
  9 rakshasas
  A catoblepas (shapeshifter) (Depths:1)
  8 centaur warriors
  3 ghost crabs
  A large abomination (Elf:3)
  8 alligators
  33 dancing weapons
  2 death knights
  4 deep troll shamans
  7 tengu warriors
  A titan zombie (Vaults:5)
  7 deep troll earth magi
  6 orc high priests
  4 soul eaters
  5 vampire magi
  8 spriggan berserkers
  21 deep elf knights
  An iron troll (Depths:3)
  3 salamander mystics
  2 fire crabs (shapeshifter)
  A spark wasp zombie (Depths:2)
  A shadow wraith (Vaults:1)
  14 hell knights
  14 skeletal warriors
  2 flayed ghosts
  A sun demon (Hell)
  3 unseen horrors
  23 deep trolls
  A sixfirhy (Depths:3)
  8 glowing orange brains
  A faun (D:15)
  3 spriggan druids
  A shadow demon (Depths:3)
  14 ironbrand convokers
  A hill giant (shapeshifter) (D:14)
  A torturous demonspawn (Depths:3)
  18 orc knights
  6 hill giants
  9 necromancers
  6 phantasmal warriors
  8 wizards
  17 deep elf archers
  A shambling mangrove (Swamp:4)
  A wolf spider zombie (D:14)
  An iron dragon zombie (Hell)
  A harpy (D:14)
  30 wolf spiders
  5 swamp dragons
  A lindwurm (shapeshifter) (Vaults:5)
  69 deep elf magi
  18 orb spiders
  7 manticores
  11 orc sorcerers
  4 cyclopes
  11 moths of wrath
  6 salamanders
  39 ugly things
  A black mamba (shapeshifter) (D:14)
  A stone giant skeleton (Vaults:3)
  4 black mambas
  An elephant (Lair:3)
  10 vault sentinels
  A fire giant skeleton (D:15)
  A dire elephant zombie (Hell)
  3 ice statues (IceCv)
  A rust devil (Depths:3)
  A gargoyle (D:13)
  2 guardian serpents (shapeshifter)
  2 torpor snails (Spider:3)
  A frost giant skeleton (Hell)
  2 human skeletons
  2 smoke demons
  A water nymph (shapeshifter) (Vaults:1)
  An eye of devastation (Vaults:1)
  A titan simulacrum (Vaults:3)
  A yaktaur zombie (Vaults:5)
  17 spiny frogs
  20 freezing wraiths
  A rime drake (shapeshifter) (Depths:1)
  2 rime drakes
  49 yaktaurs
  An anaconda simulacrum (IceCv)
  13 ice devils
  2 efreet
  8 komodo dragons
  A spriggan zombie (D:15)
  2 kobold demonologists (D:15)
  15 demonic crawlers
  A komodo dragon (shapeshifter) (Depths:2)
  A jumping spider (shapeshifter) (Vaults:4)
  A queen bee (Lair:3)
  A meliai (shapeshifter) (Elf:3)
  4 polar bears
  3 tengu conjurers
  A guardian mummy (D:15)
  11 trolls
  2 queen bees (shapeshifter)
  28 jumping spiders
  Grinder (D:3)
  7 blink frogs (Lair:6)
  A merfolk (shapeshifter) (Vaults:1)
  23 hornets
  11 hippogriffs
  6 tyrant leeches
  55 slime creatures
  14 two-headed ogres
  A hippogriff (shapeshifter) (Depths:1)
  An ettin zombie (Vaults:5)
  A hydra skeleton (Hell)
  2 meliai zombies (D:15)
  5 bog bodies
  A frost giant simulacrum (Vaults:3)
  A stone giant simulacrum (Vaults:2)
  26 tarantellas
  2 shadows
  2 ettin skeletons
  2 humans (shapeshifter)
  85 redbacks
  A redback (shapeshifter) (Elf:2)
  24 spriggans
  A dire elephant simulacrum (IceCv)
  12 air elementals
  A yak (shapeshifter) (Vaults:1)
  32 yaks
  A basilisk (shapeshifter) (Vaults:4)
  8 water elementals
  A black mamba skeleton (Hell)
  10 fire elementals
  6 wyverns
  2 swamp worm simulacra (Swamp:4)
  8 wraiths
  5 basilisks
  2 fire bats (Depths:5)
  2 golden eyes (shapeshifter)
  23 vampire mosquitoes
  3 hungry ghosts
  5 harpy simulacra (IceCv)
  2 soldier ants
  5 wargs
  2 mottled dragons
  An iron troll simulacrum (IceCv)
  17 swamp worms
  12 insubstantial wisps
  8 water moccasins
  A naga (shapeshifter) (Depths:2)
  16 hydra simulacra
  2 soldier ants (shapeshifter)
  A floating eye (Depths:3)
  2 hell hounds (Spider:2)
  A spiny frog zombie (Hell)
  3 swamp drakes
  8 porcupines
  2 black bears (Lair:6)
  2 ice beasts
  80 orc warriors
  5 sky beasts
  An ettin simulacrum (IceCv)
  A black bear (shapeshifter) (Depths:2)
  2 eyes of draining (D:14)
  A necrophage (D:12)
  2 eyes of draining (shapeshifter)
  A tengu (shapeshifter) (Depths:2)
  2 phantoms
  An ogre (shapeshifter) (Vaults:5)
  74 ogres
  13 boggarts
  A crocodile (shapeshifter) (Depths:1)
  24 wolves
  A centaur (shapeshifter) (Depths:4)
  14 centaurs
  12 crocodiles
  2 big kobolds (D:14)
  A bullfrog (shapeshifter) (Vaults:5)
  5 earth elementals
  21 bullfrogs
  A glowing shapeshifter simulacrum (Vaults:1)
  A wyvern skeleton (D:14)
  A water moccasin zombie (D:8)
  A water moccasin skeleton (D:10)
  4 scorpions
  31 killer bees
  4 wights
  5 electric eels
  2 howler monkeys (D:11)
  A bullfrog zombie (D:9)
  9 crimson imps
  3 centaur zombies
  3 human simulacra
  9 jellies
  2 quasits
  2 iron imps
  A hound (shapeshifter) (Depths:1)
  41 orc priests
  8 hounds
  2 bullfrog skeletons
  6 centaur skeletons
  Jessica (D:3)
  26 orc wizards
  7 iguanas
  A hell rat (Lair:3)
  11 worker ants
  2 killer bee zombies (D:9)
  A tengu skeleton (Hell)
  A hound zombie (D:6)
  2 hound skeletons
  A mummy (D:15)
  2 worker ant zombies
  6 gnolls
  A howler monkey skeleton (D:4)
  13 adders
  A river rat (shapeshifter) (Depths:5)
  8 shadow imps
  A white imp (Depths:3)
  3 ufetubi
  An ooze (Lair:5)
  6 swamp drake simulacra (Swamp:4)
  2 adder skeletons
  2 worms
  A worm (shapeshifter) (Depths:1)
  2 dart slugs
  6 leopard geckos
  200 orcs
  3 ball pythons
  14 bats
  2 bat zombies (D:1)
  2 giant cockroaches
  2 gnoll zombies (D:2)
  9 goblins
  7 hobgoblins
  10 jackals
  19 kobolds
  6 quokkas
  4 frilled lizards
  2 quokka skeletons
  7 rats
  A crawling corpse (Elf:3)
2522 creatures vanquished.

Vanquished Creatures (collateral kills)
  An ancient lich (Vaults:5)
  Arachne (Spider:2)
  A tentacled monstrosity (Vaults:5)
  9 Orb Guardians (Zot:5)
  An emperor scorpion (Spider:1)
  2 very ugly things (Depths:4)
  A stone giant (Depths:1)
  An entropy weaver (Spider:2)
  A black draconian (Zot:5)
  A purple draconian (Zot:5)
  A red draconian (Zot:5)
  An ettin (Vaults:5)
  A vault guard (Vaults:5)
  Harold (D:12)
  Fannar (D:12)
  Nergalle (D:12)
  2 hill giants
  A shining eye (shapeshifter) (Depths:4)
  A harpy (shapeshifter) (Depths:4)
  A deep elf mage (Vaults:5)
  An orb spider (Spider:2)
  2 ugly things (D:12)
  A moth of wrath (Zot:5)
  3 spiny frogs
  A centaur skeleton (D:12)
  5 komodo dragons
  A yaktaur (Depths:1)
  A jumping spider (Spider:2)
  A polar bear (Lair:6)
  A hornet (Lair:6)
  2 spriggans (Lair:6)
  2 tarantellas (Spider:2)
  A wraith (D:11)
  A vampire (D:12)
  A swamp worm (Swamp:1)
  2 insubstantial wisps (Swamp:1)
  A swamp drake (D:9)
  A killer bee (D:11)
  A howler monkey (D:11)
  A bullfrog skeleton (D:9)
  2 iguanas (D:9)
  A worker ant (D:10)
  A worker ant zombie (D:9)
  An adder skeleton (D:9)
  An orc (D:12)
  A fungus (Lair:6)
67 creatures vanquished.

Vanquished Creatures (others)
  A quicksilver dragon (Zot:4)
  A tengu reaver (Depths:2)
  An azure jelly (Swamp:4)
  A yellow draconian (Zot:4)
  A purple draconian (Zot:4)
  A yaktaur captain (Vaults:5)
  A rakshasa (Depths:3)
  An alligator (Swamp:4)
  A small abomination (Elf:3)
  A deep elf knight (Elf:2)
  A swamp dragon (Vaults:1)
  2 deep elf archers
  An ironbrand convoker (Vaults:1)
  A deep elf mage (Elf:2)
  A vault sentinel (Vaults:1)
  7 yaktaurs
  A wyvern (Lair:5)
  2 ogres
  5 centaurs
  A mummy (D:15)
  An orc (Vaults:5)
  A kobold (D:14)
  A crawling corpse (Elf:3)
  20 fungi
  10 plants
  5 withered plants (D:15)
70 creatures vanquished.

Grand Total: 2659 creatures vanquished

Notes
Turn   | Place    | Note
-------+----------+-------------------------------------------
     0 | D:1      | Yermak the Halfling Assassin began the quest for the Orb.
     0 | D:1      | Reached XP level 1. HP: 14/14 MP: 1/1
   248 | D:1      | Reached XP level 2. HP: 19/19 MP: 2/2
   326 | D:1      | Reached skill level 3 in Short Blades
   535 | D:1      | Reached XP level 3. HP: 24/24 MP: 3/3
   605 | D:1      | Reached skill level 5 in Stealth
  1286 | D:2      | Reached XP level 4. HP: 23/29 MP: 4/4
  1290 | D:2      | Reached skill level 1 in Shields
  1514 | D:2      | Found a faded altar of an unknown god.
  1983 | D:2      | Found a basalt altar of Yredelemnul.
  2033 | D:2      | Found a burning altar of Makhleb.
  2045 | D:2      | Became a worshipper of Makhleb the Destroyer
  2228 | D:3      | Reached XP level 5. HP: 34/34 MP: 5/5
  2247 | D:3      | Noticed Jessica
  2248 | D:3      | Noticed Grinder
  2707 | D:4      | Noticed an ogre
  2711 | D:4      | Killed an ogre
  2711 | D:4      | Reached skill level 3 in Shields
  2711 | D:4      | Reached XP level 6. HP: 39/39 MP: 6/6
  2863 | D:4      | Found a shattered altar of Ashenzari.
  3444 | D:5      | Entered Level 5 of the Dungeon
  3535 | D:5      | Found a staircase to the Ecumenical Temple.
  3550 | D:5      | Reached skill level 6 in Short Blades
  3550 | D:5      | Reached XP level 7. HP: 45/45 MP: 7/7
  3891 | D:5      | Reached skill level 3 in Fighting
  4903 | D:6      | Found a shadowy altar of Dithmenos.
  4903 | D:6      | Found a shimmering altar of Xom.
  4908 | D:6      | Found a faded altar of an unknown god.
  4910 | D:6      | Found a faded altar of an unknown god.
  4911 | D:6      | Found a faded altar of an unknown god.
  4967 | D:6      | Reached XP level 8. HP: 54/54 MP: 8/8
  4994 | D:6      | Reached * piety under Makhleb
  5051 | D:6      | Found a shimmering altar of Xom.
  5184 | D:5      | Reached skill level 3 in Dodging
  5998 | D:6      | Reached XP level 9. HP: 62/62 MP: 9/9
  6356 | D:7      | Reached skill level 6 in Fighting
  7242 | D:7      | Reached ** piety under Makhleb
  7431 | D:7      | Reached skill level 1 in Slings
  8342 | D:8      | Reached skill level 6 in Shields
  8554 | D:8      | Found a blossoming altar of Fedhas.
  9072 | D:8      | Reached skill level 3 in Slings
  9683 | D:9      | Found an iron altar of Okawaru.
  9683 | D:9      | Found a radiant altar of Vehumet.
  9684 | D:9      | Found an ancient bone altar of Kikubaaqudgha.
  9855 | D:9      | Reached skill level 6 in Slings
  9927 | D:9      | Reached skill level 1 in Invocations
  9979 | D:9      | Noticed a komodo dragon
 10127 | D:9      | Reached XP level 10. HP: 69/69 MP: 11/11
 10214 | D:9      | Reached skill level 3 in Invocations
 10430 | D:10     | Entered Level 10 of the Dungeon
 10586 | D:10     | Reached skill level 9 in Slings
 10688 | D:10     | Noticed a hill giant
 10900 | D:10     | Reached skill level 1 in Long Blades
 11564 | D:9      | Reached *** piety under Makhleb
 11564 | D:9      | Reached skill level 3 in Long Blades
 11985 | D:10     | Noticed a hill giant
 12038 | D:10     | Found a radiant altar of Vehumet.
 12044 | D:9      | Noticed a komodo dragon
 12049 | D:9      | Killed a komodo dragon
 12064 | D:9      | Killed a komodo dragon
 12264 | D:9      | Noticed a komodo dragon
 12266 | D:9      | Noticed a komodo dragon
 12296 | D:9      | Killed a komodo dragon
 12438 | D:9      | Killed a komodo dragon
 12440 | D:9      | Noticed a komodo dragon
 12447 | D:9      | Noticed a komodo dragon
 12459 | D:9      | Killed a komodo dragon
 12459 | D:9      | Reached XP level 11. HP: 69/74 MP: 15/15
 12463 | D:9      | Reached skill level 6 in Invocations
 12556 | D:9      | Found a staircase to the Lair.
 12746 | D:10     | Killed a hill giant
 12746 | D:10     | Reached skill level 6 in Long Blades
 12917 | D:10     | Killed a hill giant
 13008 | D:11     | Noticed a hill giant
 13797 | D:11     | Reached **** piety under Makhleb
 14026 | D:11     | Noticed a frost giant
 14066 | Lair:1   | Entered Level 1 of the Lair of Beasts
 14774 | Lair:1   | Reached skill level 9 in Long Blades
 15682 | Lair:2   | Found a labyrinth entrance.
 15703 | Lab      | Entered a labyrinth
 16192 | Lab      | Noticed a minotaur
 16203 | Lab      | Killed a minotaur
 16203 | Lab      | Reached XP level 12. HP: 61/80 MP: 16/16
 16215 | Lab      | Identified a +4 rod of inaccuracy (11/11) (You found it in a labyrinth)
 16230 | Lab      | Got a twisted robe
 16492 | Lair:2   | Reached skill level 1 in Evocations
 17092 | Lair:2   | Found a staircase to the Swamp.
 17384 | Lair:3   | Reached skill level 3 in Evocations
 18370 | Lair:3   | Reached skill level 12 in Long Blades
 18380 | Lair:3   | Reached skill level 6 in Evocations
 18795 | Lair:3   | Reached XP level 13. HP: 77/85 MP: 14/17
 19027 | Lair:3   | Identified the +0 robe "Jaon" {rCorr SInv} (You found it in a labyrinth)
 19766 | Lair:4   | Found a hole to the Spider Nest.
 20085 | Lair:5   | Learned a level 2 spell: Repel Missiles
 20147 | Lair:5   | Found a staircase to the Slime Pits.
 20469 | Lair:5   | Reached skill level 6 in Stealth
 20744 | Lair:5   | Reached ***** piety under Makhleb
 21209 | Lair:5   | Reached skill level 7 in Stealth
 21464 | Lair:6   | Entered Level 6 of the Lair of Beasts
 21891 | Lair:6   | Reached skill level 9 in Shields
 22331 | Lair:6   | Reached skill level 8 in Stealth
 23024 | Lair:6   | Reached XP level 14. HP: 42/90 MP: 11/18
 23388 | Lair:6   | Reached skill level 9 in Stealth
 24532 | D:3      | Killed Jessica
 24612 | D:3      | Killed Grinder
 25288 | D:12     | Noticed Nergalle
 25303 | D:12     | Killed Nergalle
 25303 | D:12     | Reached skill level 10 in Stealth
 25690 | D:12     | Noticed Fannar
 26174 | D:12     | Noticed Harold
 26192 | D:12     | Found a staircase to the Orcish Mines.
 26340 | D:12     | Killed Harold
 26884 | Lair:5   | Gained mutation: You are resistant to hostile enchantments. (MR+) [potion of mutation]
 27167 | Orc:1    | Entered Level 1 of the Orcish Mines
 27350 | Orc:1    | Reached skill level 11 in Stealth
 27575 | Orc:1    | Found a roughly hewn altar of Beogh.
 27717 | Orc:1    | Noticed an orc warlord
 27827 | Orc:1    | Killed an orc warlord
 28178 | Orc:2    | Entered Level 2 of the Orcish Mines
 28456 | Orc:2    | Reached skill level 12 in Shields
 28670 | Orc:2    | Noticed an orc warlord
 28717 | Orc:2    | Killed an orc warlord
 28843 | Orc:2    | Found a staircase to the Elven Halls.
 28940 | Orc:2    | Reached skill level 12 in Stealth
 29071 | Orc:2    | Reached ****** piety under Makhleb
 29219 | Orc:2    | Found Toyrgh's General Store.
 29233 | Orc:2    | Found Netomink's Book Shop.
 29237 | Orc:2    | Reached XP level 15. HP: 96/96 MP: 19/19
 29280 | Orc:2    | Found a roughly hewn altar of Beogh.
 29685 | Orc:2    | Noticed an orc warlord
 29745 | Orc:2    | Killed an orc warlord
 29914 | Orc:2    | Found a roughly hewn altar of Beogh.
 30277 | Orc:2    | Found Wuosioch's Assorted Antiques.
 30294 | Orc:2    | Bought a scroll labeled HAICKY QATOPS for 35 gold pieces
 30294 | Orc:2    | Bought a fizzy blue potion for 31 gold pieces
 30607 | Orc:2    | Reached skill level 13 in Stealth
 30660 | Orc:2    | Found Buyqef's Magic Scroll Shop.
 30679 | Orc:2    | Bought a scroll of identify for 32 gold pieces
 30679 | Orc:2    | Bought a scroll of identify for 32 gold pieces
 30682 | Orc:2    | Bought a scroll of identify for 32 gold pieces
 30682 | Orc:2    | Bought a scroll of identify for 32 gold pieces
 30929 | Orc:2    | Bought a steel ring for 175 gold pieces
 31173 | Orc:2    | Bought a scroll of recharging for 152 gold pieces
 31173 | Orc:2    | Bought a scroll of fear for 56 gold pieces
 31173 | Orc:2    | Bought a scroll of blinking for 120 gold pieces
 31173 | Orc:2    | Bought a scroll of fog for 32 gold pieces
 31463 | D:12     | Killed Fannar
 32433 | D:13     | Reached skill level 9 in Fighting
 32433 | D:13     | Reached skill level 14 in Stealth
 32755 | D:13     | Reached skill level 1 in Armour
 33126 | D:14     | Reached skill level 3 in Armour
 33449 | D:14     | Noticed a tengu reaver
 33460 | D:14     | Killed a tengu reaver
 33968 | D:14     | Reached skill level 6 in Armour
 34045 | D:14     | Reached XP level 16. HP: 108/108 MP: 20/20
 35479 | D:13     | Reached skill level 6 in Dodging
 35586 | D:14     | Found a gate to the Vaults.
 35813 | D:14     | Found a roughly hewn altar of Beogh.
 36228 | D:15     | Entered Level 15 of the Dungeon
 36977 | D:15     | Noticed Nessos
 36981 | D:15     | Noticed Nessos
 36981 | D:15     | Nessos changed into Nessos the faun
 36999 | D:15     | Killed Nessos the faun
 37524 | Orc:2    | Bought a potion of heal wounds for 175 gold pieces
 37524 | Orc:2    | Bought a scroll of immolation for 122 gold pieces
 37524 | Orc:2    | Bought a scroll of immolation for 122 gold pieces
 37670 | D:11     | Killed a frost giant
 38244 | Spider:1 | Entered Level 1 of the Spider Nest
 39028 | Spider:1 | Reached skill level 9 in Armour
 39515 | Spider:2 | Found a frozen archway.
 39524 | IceCv    | Entered an ice cave
 39557 | IceCv    | Reached XP level 17. HP: 113/113 MP: 21/21
 39955 | IceCv    | Noticed an Ice Fiend
 39964 | IceCv    | Killed an Ice Fiend
 39964 | IceCv    | Reached skill level 9 in Dodging
 40304 | Spider:2 | Noticed Azrael
 40407 | Spider:2 | Noticed Arachne
 40812 | Spider:2 | Paralysed by a hornet for 3 turns
 41749 | Spider:4 | Entered Level 4 of the Spider Nest
 42457 | Spider:4 | Reached skill level 15 in Shields
 42663 | Spider:4 | Reached XP level 18. HP: 119/119 MP: 22/22
 43475 | Spider:4 | Got a gossamer rune of Zot
 43587 | Spider:2 | Killed Arachne
 43724 | Spider:2 | Killed Azrael
 43724 | Spider:2 | Reached skill level 12 in Armour
 44216 | Swamp:1  | Entered Level 1 of the Swamp
 44261 | Swamp:1  | Noticed Donald
 44334 | Swamp:1  | Noticed Frances
 44640 | Swamp:1  | Noticed Roxanne
 44951 | Swamp:1  | Reached skill level 12 in Dodging
 45274 | Swamp:1  | Killed Donald
 45326 | Swamp:1  | Killed Roxanne
 45327 | Swamp:1  | Identified Roxanne's Tome of Clay (You took it off Roxanne on level 1 of the Swamp)
 45332 | Swamp:1  | Learned a level 2 spell: Passwall
 45697 | Swamp:3  | Identified the +1 ring mail of the Devil {rCorr Stlth+} (You found it on level 3 of the Swamp)
 45802 | Swamp:3  | Found a glowing silver altar of Zin.
 46090 | Swamp:3  | Reached XP level 19. HP: 127/127 MP: 23/23
 46596 | Swamp:4  | Entered Level 4 of the Swamp
 47793 | Swamp:4  | Got a decaying rune of Zot
 47889 | Swamp:2  | Killed Frances
 48822 | Vaults:1 | Entered Level 1 of the Vaults
 48889 | Vaults:1 | Noticed a Hell Sentinel
 49841 | Vaults:1 | Reached XP level 20. HP: 136/136 MP: 24/24
 49844 | Vaults:1 | Reached skill level 12 in Fighting
 50148 | Vaults:1 | Identified the ring "Riwaxaco" {*Drain rElec rPois rF+} (You found it on level 1 of the Vaults)
 50154 | Vaults:1 | Identified a scroll of acquirement
 50217 | Vaults:1 | Got a brightly glowing double sword
 50218 | Vaults:1 | Identified the +2 double sword "Wotyagum" {flame, MR++ MP+9 Dex-2} (You acquired it on level 1 of the Vaults)
 50753 | Vaults:2 | Reached skill level 15 in Stealth
 51499 | Vaults:2 | Found a staircase to the Crypt.
 51521 | Vaults:2 | Found Ogis's Armour Shoppe.
 52392 | Vaults:2 | Reached XP level 21. HP: 144/144 MP: 25/25
 52394 | Vaults:2 | Reached skill level 18 in Shields
 52727 | Vaults:3 | Reached skill level 15 in Dodging
 53826 | Vaults:3 | Reached skill level 16 in Stealth
 54377 | Vaults:4 | Noticed Saint Roka
 54677 | Vaults:4 | Identified the +5 chain mail "Liass" {Slay+2} (You found it on level 4 of the Vaults)
 55101 | Vaults:4 | Killed Saint Roka
 55316 | Vaults:4 | Reached XP level 22. HP: 136/153 MP: 26/26
 55500 | Vaults:4 | Noticed Boris
 55510 | Vaults:4 | Killed Boris
 55747 | Vaults:4 | Found Vovin's Weapon Shoppe.
 56357 | D:15     | Found a staircase to the Depths.
 56529 | Depths:1 | Entered Level 1 of the Depths
 56529 | Depths:1 | Noticed the Enchantress
 56569 | Depths:1 | Reached skill level 17 in Stealth
 56580 | Depths:1 | Killed the Enchantress
 56622 | Depths:1 | Identified the +2 faerie dragon scales {Str+4 Int-4} (You took it off the Enchantress on level 1 of the Depths)
 56823 | Depths:1 | Found a gateway to Hell.
 57294 | Depths:1 | You fall through a shaft!
 57857 | Depths:2 | Found a one-way gate leading to the halls of Pandemonium.
 58040 | Depths:1 | Reached XP level 23. HP: 157/161 MP: 27/27
 59303 | Depths:2 | Reached skill level 15 in Fighting
 59378 | Depths:2 | Found a one-way gate to the infinite horrors of the Abyss.
 59494 | Depths:2 | Identified the ring "Amoesadaor" {Ice Str+3 Int+2} (You took it off a vampire knight on level 2 of the Depths)
 59652 | Depths:2 | Noticed an ancient lich
 59692 | Depths:2 | Killed an ancient lich
 59692 | Depths:2 | Reached skill level 18 in Stealth
 60870 | Depths:2 | Reached XP level 24. HP: 170/170 MP: 27/27
 61230 | Elf:1    | Entered Level 1 of the Elven Halls
 61620 | Elf:1    | Found Soget's Weapon Shoppe.
 62810 | Elf:2    | Found a radiant altar of Vehumet.
 62866 | Elf:2    | Noticed Aizul
 62872 | Elf:2    | Killed Aizul
 62965 | Elf:2    | Found a runed gate.
 62965 | Elf:2    | Found a runed gate.
 62967 | Elf:2    | Found a runed gate.
 63733 | Elf:2    | Reached skill level 18 in Dodging
 64057 | Elf:3    | Entered Level 3 of the Elven Halls
 64090 | Elf:3    | Reached skill level 15 in Armour
 64960 | Elf:3    | Reached skill level 19 in Stealth
 64964 | Elf:3    | Reached XP level 25. HP: 164/177 MP: 27/27
 65191 | Elf:3    | Identified the +1 chain mail of the Camelopard {rC+} (You took it off an orc warrior on level 3 of the Elven Halls)
 65198 | Elf:3    | Identified the +4 fustibalus of the Silent Majority {venom, rF+ rN+} (You took it off an orc warrior on level 3 of the Elven Halls)
 65266 | Elf:3    | Identified the Papyrus of Talismans
 65271 | Elf:3    | Learned a level 2 spell: Song of Slaying
 65275 | Elf:3    | Learned a level 3 spell: Regeneration
 65285 | Elf:3    | Learned a level 2 spell: Blink
 65289 | Elf:3    | Learned a level 3 spell: Lesser Beckoning
 65294 | Elf:3    | Learned a level 4 spell: Passage of Golubria
 65843 | Depths:3 | Reached skill level 21 in Shields
 65909 | Depths:3 | Identified Yduimise's Collected Works on Darkness and Poison
 67375 | Depths:3 | Reached XP level 26. HP: 185/185 MP: 27/27
 67672 | Depths:3 | Reached skill level 1 in Charms
 67677 | Depths:3 | Reached skill level 1 in Air Magic
 67736 | Depths:3 | Reached skill level 1 in Spellcasting
 67859 | Depths:3 | Reached skill level 3 in Charms
 67870 | Depths:3 | Reached skill level 3 in Air Magic
 67946 | Depths:3 | Learned a level 1 spell: Animate Skeleton
 68273 | Depths:4 | Reached skill level 3 in Spellcasting
 68422 | Depths:4 | Found a gateway to a ziggurat.
 68508 | Depths:4 | Found Fuiplutu's Gadget Shoppe.
 68508 | Depths:4 | Found Zimen's Jewellery Shop.
 68509 | Depths:4 | Found Jimuohum's Gadget Shoppe.
 68598 | Depths:4 | Reached skill level 1 in Translocations
 68622 | Depths:4 | Reached skill level 1 in Necromancy
 68733 | Depths:4 | Got a heavily runed tin ring
 68736 | Depths:4 | Identified the ring "Xuvin" {+Fly rC+ rN++} (You took it off an ogre mage on level 4 of the Depths)
 68779 | Depths:4 | Reached skill level 3 in Translocations
 69100 | Depths:4 | Noticed a juggernaut
 69138 | Depths:4 | Killed a juggernaut
 69138 | Depths:4 | Reached skill level 3 in Necromancy
 69189 | Depths:5 | Entered Level 5 of the Depths
 69309 | Depths:5 | Reached skill level 1 in Earth Magic
 69593 | Depths:5 | Noticed Mara
 69607 | Depths:5 | Noticed Yermak's illusion
 69647 | Depths:5 | Reached skill level 1 in Transmutations
 69681 | Depths:5 | Noticed Boris
 69717 | Depths:5 | Killed Boris
 69728 | Depths:5 | Killed Mara
 69728 | Depths:5 | Reached XP level 27. HP: 93/191 MP: 30/30
 69871 | Depths:5 | Reached skill level 3 in Earth Magic
 69971 | Depths:5 | Found a gate to the Realm of Zot.
 70141 | Depths:5 | Reached skill level 6 in Translocations
 71064 | Vaults:5 | Entered Level 5 of the Vaults
 71178 | Vaults:5 | Reached skill level 3 in Transmutations
 71263 | Vaults:5 | Paralysed by a floating eye for 4 turns
 71484 | Vaults:5 | Reached skill level 6 in Spellcasting
 71659 | Vaults:5 | Got a pitted steel ring
 71676 | Vaults:5 | Identified the amulet "Yrexos" {Reflect *Slow rF++ Int+8 Dex-4 SH+3} (You found it on level 5 of the Vaults)
 71776 | Vaults:5 | Reached skill level 6 in Earth Magic
 72031 | Vaults:5 | Noticed an ancient lich
 72140 | Vaults:5 | Got an ichor-stained long sword {slice}
 72141 | Vaults:5 | Identified the +6 long sword of Bread {slice, Dex+2} (You took it off a vault guard on level 5 of the Vaults)
 72252 | Vaults:5 | Reached skill level 9 in Translocations
 72320 | Vaults:5 | Killed an ancient lich
 72320 | Vaults:5 | Reached skill level 20 in Stealth
 72405 | Vaults:5 | Identified the +2 chain mail "Ycutseck" {rCorr Stlth+} (You took it off a vault guard on level 5 of the Vaults)
 72927 | Vaults:5 | Identified the ring of Inieleob {rN+ MP+9 Int+4} (You took it off a vault warden on level 5 of the Vaults)
 73088 | Vaults:5 | Found Biph's Food Boutique.
 73088 | Vaults:5 | Found Enousk's Food Emporium.
 73098 | Vaults:5 | Found Yduag's Magic Scroll Shop.
 73195 | Vaults:5 | Got a silver rune of Zot
 73444 | Vaults:5 | Reached skill level 21 in Stealth
 73971 | Vaults:5 | Found Kuanoufo's Distillery.
 73989 | Vaults:5 | Found Itoy's Magic Scroll Shoppe.
 73989 | Vaults:5 | Found Qoatack's Magic Scroll Shop.
 74042 | Vaults:5 | Found Qenielafal's Food Shoppe.
 74042 | Vaults:5 | Found Nytuikage's Distillery.
 74062 | Vaults:5 | Bought 2 potions of experience for 2300 gold pieces
 74062 | Vaults:5 | Reached skill level 22 in Stealth
 74063 | Vaults:5 | Reached skill level 23 in Stealth
 74158 | Vaults:5 | Bought a scroll of identify for 24 gold pieces
 74158 | Vaults:5 | Bought a scroll of teleportation for 36 gold pieces
 74158 | Vaults:5 | Bought a scroll of identify for 24 gold pieces
 74158 | Vaults:5 | Bought a scroll of teleportation for 36 gold pieces
 74158 | Vaults:5 | Bought a scroll of identify for 24 gold pieces
 74158 | Vaults:5 | Bought a scroll of identify for 24 gold pieces
 74158 | Vaults:5 | Bought a scroll of immolation for 42 gold pieces
 74158 | Vaults:5 | Bought a scroll of immolation for 42 gold pieces
 74158 | Vaults:5 | Bought a scroll of identify for 24 gold pieces
 74158 | Vaults:5 | Bought a scroll of blinking for 90 gold pieces
 74171 | Vaults:5 | Bought a scroll of enchant armour for 97 gold pieces
 74171 | Vaults:5 | Bought a scroll of identify for 26 gold pieces
 74171 | Vaults:5 | Bought a scroll of recharging for 123 gold pieces
 74171 | Vaults:5 | Bought a scroll of teleportation for 39 gold pieces
 74171 | Vaults:5 | Bought a scroll of fear for 45 gold pieces
 74171 | Vaults:5 | Bought a scroll of fear for 45 gold pieces
 74178 | Vaults:5 | Bought a scroll of enchant armour for 127 gold pieces
 74178 | Vaults:5 | Bought a scroll of teleportation for 51 gold pieces
 74178 | Vaults:5 | Bought a scroll of enchant weapon for 127 gold pieces
 74178 | Vaults:5 | Bought a scroll of magic mapping for 59 gold pieces
 74178 | Vaults:5 | Bought a scroll of enchant armour for 127 gold pieces
 74189 | Vaults:5 | Bought a potion of haste for 130 gold pieces
 74189 | Vaults:5 | Bought a potion of might for 52 gold pieces
 74189 | Vaults:5 | Bought a potion of cancellation for 104 gold pieces
 74189 | Vaults:5 | Bought a potion of cancellation for 104 gold pieces
 74203 | Vaults:5 | Bought a potion of heal wounds for 115 gold pieces
 74203 | Vaults:5 | Bought a potion of might for 92 gold pieces
 74203 | Vaults:5 | Bought a potion of resistance for 230 gold pieces
 74203 | Vaults:5 | Bought 2 potions of heal wounds for 230 gold pieces
 74203 | Vaults:5 | Bought a potion of invisibility for 184 gold pieces
 74203 | Vaults:5 | Bought a potion of cancellation for 184 gold pieces
 74606 | Orc:2    | Bought a potion of cure mutation for 450 gold pieces
 74606 | Orc:2    | Bought a box of beasts for 360 gold pieces
 74606 | Orc:2    | Bought a scroll of recharging for 171 gold pieces
 74824 | Depths:4 | Bought an uncursed ring of protection from fire for 275 gold pieces
 74856 | Hell     | Entered the Vestibule of Hell
 74856 | Hell     | Noticed Geryon
 74923 | Hell     | Reached skill level 24 in Stealth
 75003 | Hell     | Killed Geryon
 75294 | Zot:1    | Entered Level 1 of the Realm of Zot
 75597 | Zot:1    | Reached skill level 9 in Evocations
 76205 | Zot:5    | Entered Level 5 of the Realm of Zot
 76381 | Zot:5    | Reached skill level 12 in Evocations
 76497 | Zot:5    | Identified the -5 pair of boots of Oqoammuh {rPois MR- Int+8 Stlth+} (You found it on level 5 of the Realm of Zot)
 76615 | Zot:5    | Noticed an ancient lich
 76648 | Zot:5    | Killed an ancient lich
 76817 | Zot:5    | Noticed an ancient lich
 76820 | Zot:5    | Noticed an ancient lich
 76831 | Zot:5    | Noticed an ancient lich
 76992 | Zot:5    | Killed an ancient lich
 77094 | Zot:4    | Killed an ancient lich
 77094 | Zot:4    | Reached skill level 15 in Evocations
 77135 | Zot:4    | Killed an ancient lich
 77409 | Zot:5    | Noticed an orb of fire
 77425 | Zot:5    | Killed an orb of fire
 77566 | Zot:5    | Noticed an orb of fire
 77580 | Zot:5    | Got the Orb of Zot
 77642 | Zot:5    | Noticed an ancient lich
 77802 | Depths:5 | Noticed Kuvvoomo the pandemonium lord
 78161 | D:$      | Escaped with the Orb!

Skill      XL: |  1  2  3  4  5  6  7  8  9 10 11 12 13 14 15 16 17 18 19 20 21 22 23 24 25 26 27 |
---------------+----------------------------------------------------------------------------------+-----
Short Blades   | 3 4 5 6 7 |  7.0
Stealth        | 5 8 12 14 15 16 17 18 19 24 | 24.1
Shields        | 2 3 4 6 9 12 13 15 16 17 18 19 20 21 | 21.2
Fighting       | 2 3 5 6 9 10 11 12 13 14 15 16 17 | 17.2
Dodging        | 4 8 11 12 13 14 15 16 17 18 19 | 19.0
Slings         | 6 9 |  9.8
Invocations    | 2 5 6 |  6.2
Long Blades    | 5 10 12 13 | 13.6
Evocations     | 6 17 | 17.2
Armour         | 6 9 11 12 13 14 15 16 | 16.0
Charms         | 5 |  5.0
Air Magic      | 5 |  5.0
Spellcasting   | 5 8 |  8.4
Translocations | 5 9 |  9.0
Necromancy     | 4 5 |  5.0
Earth Magic    | 2 6 |  6.0
Transmutations | 1 4 |  4.0
Throwing       | |  2.0

Action                   |  1- 3 |  4- 6 |  7- 9 | 10-12 | 13-15 | 16-18 | 19-21 | 22-24 | 25-27 || total
-------------------------+-------+-------+-------+-------+-------+-------+-------+-------+-------++-------
Melee: Dagger            |   109 |   147 |   413 |   703 |   908 |   130 |    70 |    78 |   108 ||  2666
       Short sword       |       |       |    17 |       |       |       |       |       |       ||    17
       Long sword        |       |       |       |   105 |  1132 |   364 |       |       |       ||  1601
       Falchion          |       |       |       |       |     3 |   715 |       |       |       ||   718
       Scimitar          |       |       |       |       |       |  1075 |  2454 |  2948 |  3933 || 10410
 Fire: Blowgun           |    20 |     9 |    44 |    44 |    74 |    57 |     3 |     1 |    17 ||   269
       Hunting sling     |       |    20 |   178 |   140 |   150 |       |       |       |       ||   488
Throw: Stone             |     1 |     5 |     1 |       |       |       |       |       |       ||     7
       Throwing net      |       |       |     4 |       |       |       |     1 |     2 |     5 ||    12
       Tomahawk          |       |       |     1 |    14 |    73 |    46 |       |       |       ||   134
 Cast: Repel Missiles    |       |       |       |       |       |       |       |       |    14 ||    14
       Regeneration      |       |       |       |       |       |       |       |       |    25 ||    25
       Blink             |       |       |       |       |       |       |       |       |    20 ||    20
       Passwall          |       |       |       |       |       |       |       |       |     7 ||     7
       Animate Skeleton  |       |       |       |       |       |       |       |       |     4 ||     4
       Song of Slaying   |       |       |       |       |       |       |       |       |     3 ||     3
Invok: Lesser Servant of |       |       |       |     8 |    24 |    19 |     5 |     9 |    17 ||    82
 Abil: Evoke Flight      |       |       |       |       |       |     7 |     1 |       |       ||     8
       Stop Flying       |       |       |       |       |       |     1 |       |       |       ||     1
Evoke: Wand              |       |       |     3 |    18 |    25 |    21 |    25 |    31 |    87 ||   210
       Sack of spiders   |       |       |       |       |       |       |       |     3 |     1 ||     4
       Box of beasts     |       |       |       |       |       |       |       |       |     4 ||     4
       Horn of Geryon    |       |       |       |       |       |       |       |       |     1 ||     1
  Use: Scroll            |       |     9 |     4 |    15 |    14 |    10 |    12 |    15 |    60 ||   139
       Potion            |       |       |       |     1 |     1 |     4 |       |     8 |     8 ||    22
 Stab: Sleeping          |       |    11 |     8 |    11 |    33 |    53 |    39 |    44 |    42 ||   241
       Held in net/web   |       |       |     5 |       |       |       |     1 |     3 |     6 ||    15
       Distracted        |       |       |       |     4 |    11 |    13 |     4 |    13 |    32 ||    77
       Invisible         |       |       |       |     7 |       |    13 |       |       |     7 ||    27
       Confused          |       |       |       |     3 |     2 |       |       |       |     1 ||     6
       Petrified         |       |       |       |     1 |       |       |       |       |       ||     1
       Paralysed         |       |       |       |       |       |       |     3 |     1 |     7 ||    11
  Eat: Chunk             |     1 |     3 |    19 |    20 |    15 |     2 |     7 |     5 |     6 ||    78
       Bread ration      |       |     1 |       |       |       |       |       |     3 |     5 ||     9
       Pizza             |       |       |     1 |       |    11 |     1 |     1 |     1 |     2 ||    17
       Beef jerky        |       |       |       |     4 |     2 |     4 |     1 |       |     1 ||    12
       Royal jelly       |       |       |       |     1 |       |       |     1 |     1 |     1 ||     4
       Meat ration       |       |       |       |       |     3 |     8 |     3 |     3 |     3 ||    20
       Fruit             |       |       |       |       |       |     1 |     4 |       |     9 ||    14
Armor: Robe              |     5 |       |       |       |    40 |       |       |       |       ||    45
       Scale mail        |    27 |    20 |       |       |       |   339 |       |       |       ||   386
       Ring mail         |       |    20 |    70 |   134 |    44 |       |       |       |       ||   268
       Troll leather arm |       |       |       |       |   100 |       |       |       |       ||   100
       Chain mail        |       |       |       |       |   151 |    64 |       |       |       ||   215
       Quicksilver drago |       |       |       |       |       |   152 |   396 |   404 |   770 ||  1722
Dodge: Dodged            |    50 |    40 |   134 |   288 |   646 |  1014 |  1466 |  1732 |  2979 ||  8349
       Deflected         |       |       |       |       |       |       |       |       |    38 ||    38
Block: Shield            |    17 |    49 |   176 |   334 |   991 |  1409 |  1663 |  1931 |  3264 ||  9834
       Reflection        |       |       |       |       |    42 |     9 |    38 |    93 |    84 ||   266
       Rpst.: Long sword |       |       |       |    18 |   108 |    14 |       |       |       ||   140
       Scimitar          |       |       |       |       |       |    70 |   340 |   350 |   454 ||  1214
       Falchion          |       |       |       |       |       |    96 |       |       |       ||    96
